 Dungeon Crawl Stone Soup version 0.26-a0-501-g57170428f2 (webtiles) character file.

Game seed: 16921593886587427908

499 MrRokkomies the Stinger (level 7, -8/41 HPs)
             Began as an Octopode Venom Mage on Aug 7, 2020.
             Was an Initiate of Gozag.
             Mangled by an orc warrior
             ... wielding a +0 dire flail of protection
              (28 damage)
             ... on level 5 of the Dungeon.
             The game lasted 00:08:35 (4261 turns).

MrRokkomies the Stinger (Octopode Venom Mage)       Turns: 4261, Time: 00:08:36

Health: -8/41      AC:  1    Str:  7    XL:     7   Next: 16%
Magic:  2/10       EV: 19    Int: 19    God:    Gozag
Gold:   526        SH:  0    Dex: 13    Spells: 3/10 levels left

rFire    . . .     SeeInvis .   a - +1 dagger (freeze)
rCold    . . .     Faith    .   (no shield)
rNeg     . . .     Spirit   .   (helmet restricted)
rPois    .         Reflect  .   (no amulet)
rElec    .         Harm     .   c - +4 ring of evasion
rCorr    .                      (no ring)
MR       .....                  (no ring)
Stlth    ++++......             (no ring)
HPRegen  0.13/turn              (no ring)
MPRegen  0.12/turn              (no ring)
                                (no ring)
                                (no ring)

@: lethally poisoned (-8 -> -11), very slightly contaminated
A: almost no armour, stealthy swim, amphibious, 8 rings, constrict 8, camouflage
1, gelatinous body 1
a: Potion Petition, Call Merchant, Bribe Branch, Renounce Religion


You were on level 5 of the Dungeon.
You worshipped Gozag.
Gozag was pleased with you.
You visited 1 branch of the dungeon, and saw 6 of its levels.
You also visited: Ossuary.

You collected 538 gold pieces.
You paid 12 gold pieces to Gozag.

Inventory:

Hand Weapons
 a - a +1 dagger of freezing (weapon)
 o - a +0 rapier
Missiles
 h - 14 poisoned darts (quivered)
 n - 8 atropa-tipped darts
Jewellery
 c - a +4 ring of evasion (left tentacle)
Wands
 l - a wand of flame (17)
Scrolls
 d - a scroll of enchant armour {unknown}
Potions
 b - 3 potions of heal wounds
 f - 4 potions of might
 g - a potion of resistance
 i - a potion of brilliance {unknown}
 k - a potion of stabbing {unknown}
 m - 3 potions of curing


   Skills:
 * Level 4.6 Dodging
 + Level 5.0 Stealth
 - Level 2.0 Spellcasting
 + Level 2.8 Transmutations
 * Level 6.2 Poison Magic


You had 3 spell levels left.
You knew the following spells:

 Your Spells              Type           Power        Failure   Level
a - Sting                 Tmut/Pois      ###.         2%          1
b - Poisonous Vapours     Pois/Air       ##....       7%          2
c - Olgreb's Toxic Radia  Pois           ####....     13%         4

Your spell library contained the following spells:

 Spells                   Type           Power        Failure   Level
 Ignite Poison            Fire/Tmut/Pois ##......     14%         3
 Mephitic Cloud           Conj/Pois/Air  #.......     22%         3


Dungeon Overview and Level Annotations

Branches:
Dungeon (6/15)            Ossuary (visited)
 Temple: D:4-7

Altars:
Dithmenos
Fedhas
Gozag
Kikubaaqudgha
Qazlal
Trog
Yredelemnul

Shops:
D:5 [

Annotations:
D:3 Grinder
D:4 1 transporter, PirateVox's ghost, novice OpBr


Innate Abilities, Weirdness & Mutations

You cannot wear most types of armour.
You are very stealthy in the water. (Stealth+)
You are amphibious.
You can wear up to eight rings at the same time.
You can use your tentacles to constrict eight enemies at once.
Your skin changes colour to match your surroundings (Stealth+).
Your rubbery body absorbs attacks. (AC +1, EV +1)


Message History

You climb upwards.
A hound comes into view.
Found Liynluer's Antique Armour Boutique.
There is a stone staircase leading down here.
Casting: Sting (safe; 2% risk of failure)
Confirm with . or Enter, or press ? or * to list all spells.
The spell is quite dangerous to cast (13% risk of failure)!
Continue anyway?
You miscast Olgreb's Toxic Radiance.
You are very lightly contaminated with residual magic.
You feel odd!
You are poisoned.
You feel sick.
Casting: Olgreb's Toxic Radiance (quite dangerous; 13% risk of failure)
Confirm with . or Enter, or press ? or * to list all spells.
The spell is quite dangerous to cast (13% risk of failure)!
Continue anyway?
You miscast Olgreb's Toxic Radiance.
Nothing appears to happen.
The orc warrior hits you with a +0 dire flail of protection!!
Ouch! That really hurt!
You die...
Your body crumbles into a pile of gold.

. .. ##
#.⌠ .##
...\ ..
#⌠.⌠ .#
#h.##o#
#..@.#
####....#
.##.# .#
# .. $ #.
.# .#


You could see an orc warrior and a hound (asleep).

Vanquished Creatures
  2 ogres (D:4)
  A scorpion (D:6)
  A howler monkey (D:6)
  A centaur zombie (Ossuary)
  A human zombie (Ossuary)
  An orc wizard (D:4)
  2 mummies (Ossuary)
  4 adders
  An ooze (D:3)
  An adder zombie (Ossuary)
  A worm (D:4)
  2 leopard geckos
  2 orcs (D:4)
  9 goblins
  7 hobgoblins
  3 kobolds
  A quokka (D:2)
  2 ball pythons
  10 bats
  3 frilled lizards (D:1)
  A goblin zombie (Ossuary)
  9 hobgoblin zombies (Ossuary)
  4 jackal zombies (Ossuary)
  9 kobold zombies (Ossuary)
  7 orc zombies (Ossuary)
  9 rats
  3 rat zombies (Ossuary)
97 creatures vanquished.

Notes
Turn   | Place    | Note
-------+----------+-------------------------------------------
     0 | D:1      | MrRokkomies the Octopode Venom Mage began the quest for the
                  | Orb.
     0 | D:1      | Reached XP level 1. HP: 11/11 MP: 3/3
     1 | D:1      | Noticed an electric eel
    82 | D:1      | Reached XP level 2. HP: 9/17 MP: 1/5
    86 | D:1      | Learned a level 2 spell: Poisonous Vapours
   491 | D:1      | Reached skill level 4 in Poison Magic
   824 | D:1      | Reached XP level 3. HP: 14/21 MP: 6/6
  1857 | D:2      | Found an opulent altar of Gozag.
  1868 | D:2      | Became a worshipper of Gozag Ym Sagoz the Greedy
  1892 | D:2      | Found a bloodstained altar of Trog.
  2182 | D:3      | Reached XP level 4. HP: 27/27 MP: 7/7
  2225 | D:3      | Learned a level 4 spell: Olgreb's Toxic Radiance
  2443 | D:3      | Found a stormy altar of Qazlal.
  2457 | D:3      | Found a blossoming altar of Fedhas.
  2565 | D:3      | Noticed Grinder
  2579 | D:4      | Noticed an ogre
  2596 | D:4      | Killed an ogre
  2596 | D:4      | Reached skill level 5 in Poison Magic
  2596 | D:4      | Reached XP level 5. HP: 31/31 MP: 6/8
  3051 | D:4      | Noticed an ogre
  3063 | D:4      | Killed an ogre
  3063 | D:4      | Reached XP level 6. HP: 36/36 MP: 1/9
  3206 | D:4      | Found a shadowy altar of Dithmenos.
  3226 | D:4      | Found a transporter.
  3227 | D:4      | Noticed PirateVox's ghost (novice OpBr)
  3248 | D:4      | Found a basalt altar of Yredelemnul.
  3422 | D:4      | You fall into a shaft and drop 2 floors!
  3423 | D:6      | Noticed an ice beast
  3453 | D:6      | Found a sand-covered staircase.
  3468 | Ossuary  | Entered an ossuary
  3736 | Ossuary  | Reached skill level 6 in Poison Magic
  3755 | Ossuary  | Reached XP level 7. HP: 14/41 MP: 10/10
  4209 | D:6      | Found an ancient bone altar of Kikubaaqudgha.
  4222 | D:6      | Reached skill level 5 in Stealth
  4259 | D:5      | Entered Level 5 of the Dungeon
  4259 | D:5      | Found Liynluer's Antique Armour Boutique.
  4261 | D:5      | Mangled by an orc warrior

Illustrated notes

Levels and vault maps discovered:
D:1:      arrival_aquarium_a, layout_basic, minmay_fountain_box,
          minmay_heptomino_l4
D:2:      layout_basic, bloody_trog, grunt_gozag_breadcrumbs, serial_glass,
          glass_columns_a, glass_columns_b
D:3:      layout_basic, grunt_temple_overflow_forces_of_nature, uniq_grinder
D:4:      layout_layer_cave, kennysheep_little_box, gammafunk_ghost_arena,
          grunt_dithmenos_smoke_and_mirrors
D:5:      layout_rooms, overflow_temple_1_default, serial_shops, shop_fountains,
          ebering_ghost_inner_flame, uniq_prince_ribbit1, uniq_ijyb,
          uniq_sigmund
D:6:      kennysheep_six_static_rooms, layout_basic, lemuel_round_altar,
          minmay_overflow_temple_star_quad, chequers_ossuary_entry_cave

Skill      XL: |  1  2  3  4  5  6  7 |
---------------+----------------------+-----
Stealth        | 3 4 5 |  5.0
Poison Magic   | 4 5 6 |  6.2
Dodging        | 3 4 |  4.6
Transmutations | 2 |  2.8
Spellcasting   | |  2.0

Action                   |  1- 3 |  4- 6 |  7- 9 || total
-------------------------+-------+-------+-------++-------
Melee: Unarmed           |    15 |       |       ||    15
       Constrict         |    26 |    31 |     6 ||    63
       Tentacles         |    13 |    25 |     3 ||    41
       Dagger            |    99 |    38 |     9 ||   146
       Rapier            |       |    81 |    13 ||    94
Throw: Dart              |       |     4 |       ||     4
 Cast: Sting             |     3 |     9 |       ||    12
       Poisonous Vapours |       |     5 |       ||     5
  Use: Scroll            |     3 |     1 |     4 ||     8
       Potion            |     3 |     2 |       ||     5
 Stab: Sleeping          |    11 |     9 |       ||    20
       Distracted        |       |     1 |       ||     1
Armor: Skin              |    11 |     9 |     1 ||    21
Dodge: Dodged            |    90 |    90 |    17 ||   197

Table legend: (Time is in decaauts)
 A = Elapsed time spent in this place.
 B = Non-inter-level travel time spent in this place.
 C = Inter-level travel time spent in this place.
 D = Time resting spent in this place.
 E = Time spent auto-exploring this place.
 F = Levels seen in this place.
 G = Mean time per level.
                   A        B        C        D        E       F      G
               +--------+--------+--------+--------+--------+-----+--------+
         Total |   4275 |   4235 |     40 |    683 |   2711 |   7 |  610.7 |
       Dungeon |   3600 |   3560 |     40 |    450 |   2541 |   6 |  600.0 |
       Ossuary |    675 |    675 |      0 |    232 |    170 |   1 |  675.0 |
               +--------+--------+--------+--------+--------+-----+--------+

Top non-repeatable levels by time:
     D:1: 1224 daAuts
     D:2: 944 daAuts
     D:4: 850 daAuts
 Ossuary: 675 daAuts
     D:3: 390 daAuts
     D:6: 188 daAuts
     D:5: 1 daAuts
